[Event "ICC tourney 2517 (60 10)"]
[Site "Internet Chess Club"]
[Date "2021.04.17"]
[Round "2"]
[White "WANG, FELICITY:fireheart"]
[Black "ZHANG, ROGER:RogerZ"]
[Result "0-1"]
[ICCResult "White checkmated"]
[WhiteElo "1649"]
[BlackElo "1950"]
[Opening "Ruy Lopez: Anderssen variation"]
[ECO "C77"]
[NIC "RL.12"]
[Time "13:28:34"]
[PlyCount "96"]
[TimeControl "3600+10"]

1. e4 e5 2. Nf3 Nc6 3. Bb5 a6 4. Ba4 Nf6 5. d3 b5 6. Bb3 Bc5 7. c3 d6 8.
Nbd2 O-O 9. O-O Bb6 10. Re1 Na5 11. Bc2 c5 12. Nf1 Nc6 13. Ng3 h6 14. Nf5
Bxf5 15. exf5 Re8 16. h3 d5 17. Nd2 c4 18. Nf1 cxd3 19. Bxd3 e4 20. Bc2 Qd6
21. Be3 Bxe3 22. fxe3 Qe5 23. g4 b4 24. Ba4 Rec8 25. Rc1 bxc3 26. Rxc3 Nb4
27. Qb3 Nd3 28. Rb1 d4 29. Rxc8+ Rxc8 30. Qd1 dxe3 31. Qe2 Nd5 32. Bb3 N3f4
33. Qh2 e2 34. Ng3 Qd4+ 35. Kh1 Qxb2 36. Re1 Rc1 37. Qf2 Qd2 38. Nxe4 Rxe1+
39. Kh2 Rh1+ 40. Kxh1 e1=Q+ 41. Qxe1 Qxe1+ 42. Kh2 Qe2+ 43. Kg3 Qxe4 44.
Bxd5 Nxd5 45. h4 Qe3+ 46. Kh2 Qf2+ 47. Kh1 Nf4 48. g5 Qg2# { White
checkmated } 0-1

[Event "ICC tourney 2517 (60 10)"]
[Site "Internet Chess Club"]
[Date "2021.04.17"]
[Round "2"]
[White "ROBERTS, ASTON:AstonRoberts"]
[Black "LANCMAN, KYLE B:Kyle2007"]
[Result "1/2-1/2"]
[ICCResult "Game drawn because neither player has mating material"]
[WhiteElo "1696"]
[BlackElo "2049"]
[Opening "Sicilian: Alapin's variation (2.c3)"]
[ECO "B22"]
[NIC "SI.46"]
[Time "13:28:42"]
[PlyCount "136"]
[TimeControl "3600+10"]

1. e4 c5 2. c3 Nf6 3. e5 Nd5 4. Nf3 Nc6 5. Bc4 Nb6 6. Bb3 c4 7. Bc2 d6 8.
exd6 Qxd6 9. O-O Bg4 10. b3 g6 11. Qe2 cxb3 12. axb3 Bg7 13. d4 O-O 14. Ba3
Qc7 15. Be4 Rfe8 16. Nbd2 Rad8 17. h3 Bc8 18. Bc5 f5 19. Bxc6 bxc6 20. Nc4
e6 21. Rxa7 Qxa7 22. Bxb6 Qe7 23. Bxd8 Qxd8 24. Nce5 Qd6 25. Qc4 Bb7 26.
Re1 Qd5 27. Ra1 Qxc4 28. Nxc4 c5 29. Nd6 Rb8 30. Nxb7 Rxb7 31. Ra8+ Kf7 32.
Ng5+ Ke7 33. dxc5 Bxc3 34. Ra6 Rxb3 35. Rxe6+ Kd7 36. Rd6+ Ke7 37. Rb6 Rxb6
38. cxb6 h6 39. Nf3 Kd7 40. Nh4 g5 41. Nxf5 h5 42. Ng3 h4 43. Ne4 Ba5 44.
Nxg5 Bxb6 45. Nf3 Bd8 46. g3 hxg3 47. fxg3 Ke6 48. Kg2 Kf5 49. Nh2 Be7 50.
Kf3 Bd8 51. Nf1 Kg5 52. Ne3 Kh5 53. Nd5 Kg5 54. h4+ Kf5 55. Ne3+ Kg6 56.
Kg4 Ba5 57. h5+ Kf6 58. Nf5 Bd2 59. Nd4 Be3 60. Ne2 Bg5 61. Nf4 Bh6 62. Nh3
Ke5 63. Kh4 Kf6 64. g4 Bd2 65. g5+ Kf5 66. h6 Kg6 67. Kg4 Bxg5 68. Nxg5
Kxh6 { Game drawn because neither player has mating material } 1/2-1/2

[Event "ICC tourney 2517 (60 10)"]
[Site "Internet Chess Club"]
[Date "2021.04.17"]
[Round "2"]
[White "SLOAN, JED:RisingRook"]
[Black "BOONCHAROEN, NATHAN:Strawberrydevil"]
[Result "1-0"]
[ICCResult "Black resigns"]
[WhiteElo "1988"]
[BlackElo "1664"]
[Opening "Réti: King's Indian attack, French variation"]
[ECO "C00"]
[NIC "FR.02"]
[Time "13:28:33"]
[PlyCount "107"]
[TimeControl "3600+10"]

1. e4 e6 2. d3 d5 3. Nd2 c5 4. g3 Nc6 5. Bg2 Nf6 6. Ngf3 Be7 7. O-O O-O 8.
Re1 dxe4 9. dxe4 b6 10. Qe2 e5 11. Nc4 Qc7 12. Bg5 Ba6 13. Nfd2 Rfd8 14. c3
Na5 15. b3 Nxc4 16. Nxc4 h6 17. Bxf6 Bxf6 18. Bf1 Bxc4 19. Qxc4 a6 20. a4
a5 21. Qe2 Bg5 22. Ra2 Qd7 23. h4 Be7 24. Qh5 Bf6 25. Bc4 Ra7 26. Kg2 Qe7
27. Rh1 Kh7 28. Bd5 g6 29. Qf3 Rh8 30. h5 Kg7 31. Rd2 Rf8 32. Rhd1 Bg5 33.
Rd3 f5 34. hxg6 f4 35. Qg4 fxg3 36. fxg3 Qf6 37. Bf7 Raxf7 38. gxf7 Rxf7
39. Rf3 Qxf3+ 40. Qxf3 Rxf3 41. Kxf3 Be7 42. Rd7 Kf6 43. c4 h5 44. g4 hxg4+
45. Kxg4 Ke6 46. Rxe7+ Kxe7 47. Kf5 Kd7 48. Kxe5 Ke7 49. Kd5 Kd7 50. e5 Ke7
51. e6 Ke8 52. Kd6 Kd8 53. e7+ Ke8 54. Ke6 { Black resigns } 1-0

[Event "ICC tourney 2517 (60 10)"]
[Site "Internet Chess Club"]
[Date "2021.04.17"]
[Round "2"]
[White "CHEN, HENRY:Bluebird1222"]
[Black "MYSORE, ABHINAV NAVEEN:Mapking1"]
[Result "0-1"]
[ICCResult "White resigns"]
[WhiteElo "1669"]
[BlackElo "1999"]
[Opening "Sicilian: dragon, Yugoslav attack, 10.O-O-O"]
[ECO "B78"]
[NIC "SI.18"]
[Time "13:28:37"]
[PlyCount "70"]
[TimeControl "3600+10"]

1. e4 c5 2. Nf3 d6 3. d4 cxd4 4. Nxd4 Nf6 5. Nc3 g6 6. Be3 Bg7 7. f3 O-O 8.
Qd2 Nc6 9. Bc4 Bd7 10. O-O-O Rc8 11. Bb3 Nxd4 12. Bxd4 b5 13. Nd5 Nxd5 14.
Bxg7 Kxg7 15. Qxd5 a5 16. Qd4+ f6 17. a3 Qc7 18. Qd3 Rb8 19. f4 a4 20. Ba2
b4 21. Qc4 Qa7 22. Qd4 Qa5 23. e5 bxa3 24. exf6+ Rxf6 25. bxa3 Bf5 26. Rhe1
e6 27. Bxe6 Re8 28. h3 Rxe6 29. Rxe6 Bxe6 30. Qxd6 Bf7 31. Qd4 Qb6 32. Qe5
Qf2 33. Rd4 Qxg2 34. Rd6 Qf1+ 35. Kb2 Qxf4 { White resigns } 0-1

[Event "ICC tourney 2517 (60 10)"]
[Site "Internet Chess Club"]
[Date "2021.04.17"]
[Round "2"]
[White "GAW, CHLOE:HarleyQueen8"]
[Black "DESAI, VED:Zuiopal"]
[Result "1-0"]
[ICCResult "Black checkmated"]
[WhiteElo "1905"]
[BlackElo "1628"]
[Opening "QGD: exchange, positional line"]
[ECO "D35"]
[NIC "QO.16"]
[Time "13:28:46"]
[PlyCount "87"]
[TimeControl "3600+10"]

1. d4 Nf6 2. c4 e6 3. Nc3 d5 4. cxd5 exd5 5. Bg5 Nbd7 6. e3 c6 7. Bd3 Be7
8. Nge2 h6 9. Bh4 O-O 10. O-O Re8 11. Qc2 Nf8 12. f3 Ne6 13. Bf2 c5 14.
dxc5 Bxc5 15. Rfd1 a6 16. Bf5 b5 17. Bxe6 Bxe6 18. Nxd5 Nxd5 19. Qxc5 Rc8
20. Qa3 Qg5 21. e4 Nf6 22. Qxa6 Rc2 23. Nd4 Bh3 24. g3 Rxb2 25. Qa5 Rxf2
26. Kxf2 Nxe4+ 27. fxe4 Qf6+ 28. Kg1 Qg5 29. Qd2 Qg4 30. Qf4 Qh5 31. Qh4
Qxh4 32. gxh4 Rxe4 33. Nxb5 Re2 34. a4 Bg4 35. Rf1 f5 36. Rf2 Re3 37. a5
Rh3 38. a6 Bf3 39. Rxf3 Rxf3 40. a7 Kh7 41. a8=Q h5 42. Qxf3 g6 43. Ra7+
Kh8 44. Qa8# { Black checkmated } 1-0

[Event "ICC tourney 2517 (60 10)"]
[Site "Internet Chess Club"]
[Date "2021.04.17"]
[Round "2"]
[White "Ho, Jasper:coolhacker1234"]
[Black "CHASIN, NICO WERNER:nicochasin"]
[Result "0-1"]
[ICCResult "White checkmated"]
[WhiteElo "1741"]
[BlackElo "2417"]
[Opening "King's Indian: 6.Be2"]
[ECO "E91"]
[NIC "KI.19"]
[Time "13:28:41"]
[PlyCount "82"]
[TimeControl "3600+10"]

1. d4 Nf6 2. c4 g6 3. Nc3 Bg7 4. e4 d6 5. Nf3 O-O 6. Be2 Bg4 7. h3 Bxf3 8.
Bxf3 Nc6 9. Be3 e5 10. d5 Nd4 11. O-O c5 12. dxc6 Nxc6 13. Qd2 Qe7 14. Rfd1
Ne8 15. Nd5 Qe6 16. c5 Rd8 17. Rac1 Kh8 18. cxd6 Nxd6 19. Bc5 Nd4 20. Bxd4
exd4 21. Re1 Rc8 22. Nf4 Qe7 23. Nd5 Qe5 24. Nb4 Rxc1 25. Qxc1 Rc8 26. Qd1
Qb5 27. Nd3 Nc4 28. Qe2 Ne5 29. Nxe5 Qxe5 30. Bg4 Rc6 31. Qd3 Qa5 32. Qb1
Be5 33. g3 h5 34. Be2 h4 35. g4 Qd2 36. Bf1 Rc2 37. Re2 Qf4 38. f3 Rxe2 39.
Bxe2 Qh2+ 40. Kf1 Qh1+ 41. Kf2 Bg3# { White checkmated } 0-1

[Event "ICC tourney 2517 (60 10)"]
[Site "Internet Chess Club"]
[Date "2021.04.17"]
[Round "2"]
[White "LIAO, CAITLIN:che8642"]
[Black "KARUNAKARAN, KAPILAN:kapilank"]
[Result "1/2-1/2"]
[ICCResult "Game drawn by mutual agreement"]
[WhiteElo "1530"]
[BlackElo "1866"]
[Opening "Queen's pawn game"]
[ECO "A45"]
[NIC "QP.07"]
[Time "13:28:55"]
[PlyCount "88"]
[TimeControl "3600+10"]

1. d4 Nf6 2. Nc3 g6 3. e4 d5 4. e5 Nfd7 5. f4 Nb6 6. Bd3 Bg7 7. b3 O-O 8.
g4 f5 9. g5 N8d7 10. h4 e6 11. h5 Kf7 12. a4 Rb8 13. Ba3 Rh8 14. a5 Na8 15.
Nb5 a6 16. Na7 Qg8 17. c4 Bf8 18. b4 c6 19. b5 axb5 20. cxb5 c5 21. Qc2 c4
22. Be2 Bxa3 23. Rxa3 Qf8 24. Qc3 Nc7 25. b6 Na6 26. Nb5 Qb4 27. Nd6+ Kg7
28. Qxb4 Nxb4 29. Kd2 Nc6 30. Kc3 Nf8 31. h6+ Kg8 32. Nxc8 Rxc8 33. a6 bxa6
34. Rxa6 Nd7 35. Nf3 Kf7 36. Rha1 Rb8 37. b7 Nd8 38. R1a5 Rxb7 39. Bd1 Nb8
40. Ra7 Nbc6 41. Rxb7+ Nxb7 42. Ra6 Rc8 43. Ba4 Nca5 44. Bd7 Rd8 { Game
drawn by mutual agreement } 1/2-1/2

[Event "ICC tourney 2517 (60 10)"]
[Site "Internet Chess Club"]
[Date "2021.04.17"]
[Round "2"]
[White "SRINIVASAN, ARJUN:ajedrez7"]
[Black "Nasta, Kiren:knasta"]
[Result "1-0"]
[ICCResult "Black resigns"]
[WhiteElo "1606"]
[BlackElo "1897"]
[Opening "Giuoco Pianissimo"]
[ECO "C55"]
[NIC "IG.01"]
[Time "13:28:56"]
[PlyCount "112"]
[TimeControl "3600+10"]

1. e4 e5 2. Nf3 Nc6 3. Bc4 Nf6 4. d3 Bc5 5. c3 d6 6. O-O h6 7. Re1 a6 8.
Bb3 Ba7 9. Nbd2 O-O 10. Nf1 Ne7 11. Be3 Ng6 12. Ng3 c6 13. d4 Qc7 14. Bc2
Re8 15. Qd2 Ng4 16. Nf5 Nxe3 17. Qxe3 Bxf5 18. exf5 Nf4 19. g3 Nd5 20. Qd2
Nf6 21. h3 e4 22. Nh4 d5 23. Kh1 c5 24. Rg1 cxd4 25. cxd4 Qd7 26. g4 Nh7
27. f4 e3 28. Qe2 Bxd4 29. g5 Qd8 30. f6 Nxf6 31. gxf6 Qxf6 32. Nf5 Qb6 33.
Nxd4 Qxd4 34. Rg4 Rac8 35. Rd1 Qc4 36. Bd3 Qc6 37. Rdg1 d4+ 38. Kh2 Qf6 39.
Qg2 e2 40. Rxg7+ Kf8 41. Rg8+ Ke7 42. Qxb7+ Kd6 43. Qxa6+ Rc6 44. Qa3+ Rc5
45. Rxe8 Qxf4+ 46. Kg2 Qg5+ 47. Kf2 Qf4+ 48. Kxe2 Qh2+ 49. Kf1 Qxh3+ 50.
Rg2 Qf3+ 51. Kg1 Qd1+ 52. Bf1 Kd5 53. Rd8+ Ke4 54. Qxc5 d3 55. Qe7+ Kf3 56.
Rxd3+ Qxd3 { Black resigns } 1-0

[Event "ICC tourney 2517 (60 10)"]
[Site "Internet Chess Club"]
[Date "2021.04.17"]
[Round "2"]
[White "DASARI, SUSHMA REDDY:sushmadasari"]
[Black "MUNDAYAT, Abinav Rajiv:carlsthe1"]
[Result "1/2-1/2"]
[ICCResult "Game drawn by mutual agreement"]
[WhiteElo "1716"]
[BlackElo "2124"]
[Opening "Sicilian: Labourdonnais-Löwenthal (Kalashnikov) variation"]
[ECO "B32"]
[NIC "SI.32"]
[Time "13:28:36"]
[PlyCount "173"]
[TimeControl "3600+10"]

1. e4 c5 2. Nf3 Nc6 3. d4 cxd4 4. Nxd4 e5 5. Nb5 d6 6. N1c3 a6 7. Na3 b5 8.
Nd5 Nge7 9. Bd3 Bb7 10. O-O Nxd5 11. exd5 Ne7 12. c4 bxc4 13. Bxc4 g6 14.
Qa4+ Qd7 15. Qxd7+ Kxd7 16. Rd1 Bg7 17. Be3 Nf5 18. Bb6 Rab8 19. Ba5 e4 20.
Rd2 e3 21. fxe3 Bh6 22. Nc2 Nxe3 23. Bb3 Rhc8 24. Re1 Nxc2 25. Rxc2 Rxc2
26. Bxc2 Bxd5 27. Ba4+ Bc6 28. Bxc6+ Kxc6 29. Bc3 Kd7 30. Kf2 Re8 31. Rxe8
Kxe8 32. Kf3 Kd7 33. Ke4 Ke6 34. a4 f5+ 35. Kd3 Kd5 36. b4 Bf4 37. h3 g5
38. Bf6 g4 39. hxg4 fxg4 40. Bh4 h5 41. Bf2 Bg5 42. g3 Kc6 43. Kd4 Bd2 44.
Kc4 d5+ 45. Kb3 Bg5 46. Kc3 Bf6+ 47. Kd3 Be5 48. Kc2 Bc7 49. Kd3 Bb6 50.
Be1 Bg1 51. Kc3 d4+ 52. Kc4 Be3 53. b5+ axb5+ 54. axb5+ Kc7 55. Kd3 Bg1 56.
Kc4 Kb6 57. Kb4 d3 58. Kc3 Kxb5 59. Kxd3 Kc5 60. Ke4 Kc4 61. Kf5 Kd3 62.
Kg5 Ke2 63. Bb4 Kf3 64. Bd6 Bf2 65. Kh4 Kg2 66. Bc7 Bd4 67. Bd6 Bf6+ 68.
Kxh5 Kh3 69. Kg6 Bd4 70. Kf5 Bf2 71. Ke4 Bxg3 72. Bc5 Be1 73. Bd6 Kg2 74.
Kf5 Kf3 75. Bc7 Bg3 76. Ba5 Bd6 77. Be1 Bc5 78. Bh4 Be3 79. Be1 Bc1 80. Bh4
Bd2 81. Bf2 Bc3 82. Bh4 Bd4 83. Be1 Be3 84. Bh4 Bf4 85. Be1 Bd6 86. Bh4 Bg3
87. Bf6 { Game drawn by mutual agreement } 1/2-1/2

[Event "ICC tourney 2517 (60 10)"]
[Site "Internet Chess Club"]
[Date "2021.04.17"]
[Round "3"]
[White "BOONCHAROEN, NATHAN:Strawberrydevil"]
[Black "Lee, Noah:noahl08"]
[Result "1-0"]
[ICCResult "Black resigns"]
[WhiteElo "1664"]
[BlackElo "1454"]
[Opening "Caro-Kann: classical, 6.h4"]
[ECO "B19"]
[NIC "CK.11"]
[Time "16:32:01"]
[PlyCount "95"]
[TimeControl "3600+10"]

1. e4 c6 2. d4 d5 3. Nc3 dxe4 4. Nxe4 Bf5 5. Ng3 Bg6 6. h4 h6 7. Nf3 Nf6 8.
Ne5 Bh7 9. Bc4 e6 10. O-O Bd6 11. Re1 Nbd7 12. Bf4 Bxe5 13. dxe5 Nd5 14.
Bxd5 cxd5 15. Qg4 Bg6 16. h5 Nf8 17. hxg6 Nxg6 18. Bd2 Qb6 19. Qa4+ Qc6 20.
Qxc6+ bxc6 21. Bb4 Kd7 22. Bd6 h5 23. Rad1 h4 24. Nf1 Ne7 25. Bxe7 Kxe7 26.
Rd3 Rab8 27. Rb3 Kd7 28. Ree3 Rbc8 29. Rb7+ Rc7 30. Rxc7+ Kxc7 31. Rf3 Rf8
32. g3 hxg3 33. Nxg3 g6 34. Ne2 Kd7 35. Nf4 Rb8 36. Rb3 Rxb3 37. axb3 Kc7
38. Nh3 Kb6 39. Ng5 Kc5 40. Nxf7 Kd4 41. Kg2 c5 42. f4 a5 43. Nd8 Ke4 44.
Nxe6 Kf5 45. Nxc5 Kxf4 46. e6 Kf5 47. e7 Kf6 48. e8=Q { Black resigns } 1-0

[Event "ICC tourney 2517 (60 10)"]
[Site "Internet Chess Club"]
[Date "2021.04.17"]
[Round "3"]
[White "IGEL, LIAH:ilikegoose"]
[Black "Messinger, Dashiell:dancingbananas"]
[Result "1-0"]
[ICCResult "Black checkmated"]
[WhiteElo "1493"]
[BlackElo "1251"]
[Opening "Sicilian: Alapin's variation (2.c3)"]
[ECO "B22"]
[NIC "SI.46"]
[Time "16:32:01"]
[PlyCount "65"]
[TimeControl "3600+10"]

1. e4 c5 2. c3 e6 3. d4 cxd4 4. cxd4 a6 5. Nf3 Nc6 6. Nc3 Qc7 7. d5 Nce7 8.
d6 Qb6 9. dxe7 Bxe7 10. Qb3 Qxb3 11. axb3 b5 12. Nxb5 Kd8 13. Bf4 Bb4+ 14.
Kd1 Bb7 15. Ng5 Nh6 16. Nd6 Bc6 17. Ndxf7+ Nxf7 18. Nxf7+ Ke7 19. Nxh8 Rxh8
20. Rxa6 Bxe4 21. Ra4 Rf8 22. Bg5+ Kd6 23. Rxb4 Rxf2 24. Rxe4 Rxb2 25. Rd4+
Ke5 26. Rd2 Rxb3 27. Kc2 Rb8 28. g3 d5 29. Bf4+ Kf6 30. Bxb8 Kf7 31. Bb5
Kg8 32. Rf2 Kh8 33. Rf8# { Black checkmated } 1-0

[Event "ICC tourney 2517 (60 10)"]
[Site "Internet Chess Club"]
[Date "2021.04.17"]
[Round "3"]
[White "JIANG, ANDY:anan193"]
[Black "YEE, AUSTEN:kleeno2"]
[Result "1-0"]
[ICCResult "Black resigns"]
[WhiteElo "1618"]
[BlackElo "894"]
[Opening "King's Indian: Sämisch, orthodox variation"]
[ECO "E85"]
[NIC "KI.43"]
[Time "16:31:39"]
[PlyCount "63"]
[TimeControl "3600+10"]

1. d4 Nf6 2. c4 g6 3. Nc3 Bg7 4. e4 d6 5. f3 O-O 6. Be3 e5 7. Nge2 Nbd7 8.
Qd2 Re8 9. d5 Qe7 10. g4 Nb6 11. Ng3 Bd7 12. h4 h5 13. gxh5 Nxh5 14. Nxh5
gxh5 15. Bh6 Kh7 16. Bxg7 Kxg7 17. O-O-O f5 18. Rg1+ Kh7 19. Rg5 f4 20.
Rxh5+ Kg6 21. Rg5+ Kf7 22. Qh2 Rg8 23. Rxg8 Rxg8 24. Bh3 Rh8 25. Bxd7 Qxd7
26. h5 Nxc4 27. h6 c6 28. Rg1 Rh7 29. Qh5+ Kf8 30. Qg5 Qf7 31. Qd8+ Qe8 32.
Rg8+ { Black resigns } 1-0

[Event "ICC tourney 2517 (60 10)"]
[Site "Internet Chess Club"]
[Date "2021.04.17"]
[Round "3"]
[White "Shah, Rohail:batmanthechamp"]
[Black "BURTON, ERICA:EChessPlayer"]
[Result "1-0"]
[ICCResult "Black checkmated"]
[WhiteElo "1465"]
[BlackElo "1039"]
[Opening "Scotch: Göring gambit, Bardeleben variation"]
[ECO "C44"]
[NIC "SO.06"]
[Time "16:31:13"]
[PlyCount "29"]
[TimeControl "3600+10"]

1. e4 e5 2. Nf3 Nc6 3. d4 exd4 4. c3 dxc3 5. Nxc3 Nf6 6. Bc4 Bb4 7. e5 Ne4
8. Qd5 O-O 9. Qxe4 d6 10. O-O Re8 11. Bxf7+ Kxf7 12. Ng5+ Kf8 13. Qxh7 Bxc3
14. Qh8+ Ke7 15. Qxg7# { Black checkmated } 1-0

[Event "ICC tourney 2517 (60 10)"]
[Site "Internet Chess Club"]
[Date "2021.04.17"]
[Round "3"]
[White "MISHRA, ARYAN:incredibleking"]
[Black "JOSEPH, JAHIA:ZhonglisMeteor"]
[Result "0-1"]
[ICCResult "White checkmated"]
[WhiteElo "1736"]
[BlackElo "1385"]
[Opening "Robatsch defense: two knights variation"]
[ECO "A40"]
[NIC "KF.05"]
[Time "16:31:22"]
[PlyCount "122"]
[TimeControl "3600+10"]

1. d4 g6 2. e4 Bg7 3. Nf3 d6 4. Nc3 a6 5. Bc4 Nd7 6. Bf4 b5 7. Bb3 Bb7 8.
Qd2 h5 9. Ng5 e6 10. O-O-O Qe7 11. Rhe1 O-O-O 12. d5 e5 13. Be3 Nc5 14.
Bxc5 dxc5 15. d6 cxd6 16. Nxf7 c4 17. Nxd8 Bh6 18. Re3 Qxd8 19. Bxc4 bxc4
20. Nd5 Bxd5 21. Qxd5 Bxe3+ 22. fxe3 Kc7 23. Qxc4+ Kd7 24. Qxa6 Qc7 25.
Qb5+ Ke7 26. Qd5 Nf6 27. Qb3 Rb8 28. Qd3 Qb6 29. b3 Qb4 30. c3 Qa3+ 31. Kb1
Ra8 32. Rd2 Ng4 33. h3 Nf6 34. Qb5 Ra7 35. Qb6 Qc5 36. Qxc5 dxc5 37. Kb2
Nxe4 38. Rd5 Ke6 39. Rd1 Rf7 40. g4 hxg4 41. hxg4 Rf2+ 42. Ka3 Nxc3 43. Rd3
Ne4 44. b4 cxb4+ 45. Kxb4 Rxa2 46. Kc4 Ra4+ 47. Kb5 Ra2 48. Kc4 Rg2 49. Rd1
Rxg4 50. Kd3 Nd6 51. Ke2 e4 52. Rf1 Rg2+ 53. Ke1 g5 54. Rh1 Ke5 55. Rh5 Nc4
56. Kf1 Nxe3+ 57. Ke1 Kf4 58. Rh1 g4 59. Rh4 Kf3 60. Rh1 g3 61. Rh3 Re2# {
White checkmated } 0-1

[Event "ICC tourney 2517 (60 10)"]
[Site "Internet Chess Club"]
[Date "2021.04.17"]
[Round "3"]
[White "MALLADI, EESHAAN VARSHITH SAI:Eeshaan16"]
[Black "CHEUNG, RYAN:H2ODerp"]
[Result "1/2-1/2"]
[ICCResult "Game drawn by mutual agreement"]
[WhiteElo "1891"]
[BlackElo "2076"]
[Opening "French: Burn variation"]
[ECO "C11"]
[NIC "FR.05"]
[Time "16:31:32"]
[PlyCount "43"]
[TimeControl "3600+10"]

1. e4 e6 2. d4 d5 3. Nc3 Nf6 4. Bg5 dxe4 5. Nxe4 Be7 6. Bxf6 gxf6 7. Nf3 f5
8. Ng3 c5 9. dxc5 Bxc5 10. Qxd8+ Kxd8 11. Ne5 Ke7 12. Nd3 Bd6 13. f4 b6 14.
Be2 Bb7 15. O-O Nd7 16. Bf3 Bxf3 17. Rxf3 Rac8 18. c3 Nc5 19. Re1 Kf6 20.
Nxc5 Bxc5+ 21. Kf1 Rhd8 22. Ke2 { Game drawn by mutual agreement } 1/2-1/2

[Event "ICC tourney 2517 (60 10)"]
[Site "Internet Chess Club"]
[Date "2021.04.17"]
[Round "3"]
[White "TORRES, ETHAN:chess4bigbrain"]
[Black "KAUR, ARADH:pari538"]
[Result "0-1"]
[ICCResult "White checkmated"]
[WhiteElo "1077"]
[BlackElo "1477"]
[Opening "Queen's pawn game"]
[ECO "D00"]
[NIC "QP.08"]
[Time "16:32:02"]
[PlyCount "114"]
[TimeControl "3600+10"]

1. d4 d5 2. e3 e6 3. Bd3 Nf6 4. Nf3 Nbd7 5. Nc3 Be7 6. Bd2 b6 7. Ne5 Nxe5
8. dxe5 Nd7 9. O-O Nxe5 10. Bb5+ c6 11. Be2 O-O 12. f4 Ng6 13. Bd3 Bb7 14.
Rf3 c5 15. Rh3 d4 16. exd4 Qxd4+ 17. Be3 Qd8 18. Qh5 Bh4 19. g3 f5 20. gxh4
Qc7 21. Rg3 Qc6 22. Kf2 Qe8 23. Qg5 Qe7 24. Qh5 Qxh4 25. Qxh4 Nxh4 26. Bc4
Rae8 27. Rag1 Ng6 28. h4 Rf7 29. h5 Nf8 30. Nb5 Rd8 31. c3 Rdd7 32. b4 a6
33. Na3 b5 34. Nxb5 axb5 35. Bxb5 Rd8 36. Ke2 cxb4 37. Bc5 bxc3 38. Bc4
Rd2+ 39. Ke1 Bd5 40. Bxf8 Kxf8 41. Rxc3 Rd4 42. Bxd5 Rxd5 43. Rc8+ Ke7 44.
Kf2 Rd2+ 45. Ke3 Rxa2 46. Rd1 Ra3+ 47. Kd4 Kf6 48. Re8 Rd7+ 49. Kc4 Rxd1
50. Rf8+ Ke7 51. Rh8 Ra7 52. Rxh7 Rc7+ 53. Kb5 Rb1+ 54. Ka6 Rc2 55. Rxg7+
Kf6 56. Rg6+ Kf7 57. h6 Ra2# { White checkmated } 0-1

[Event "ICC tourney 2517 (60 10)"]
[Site "Internet Chess Club"]
[Date "2021.04.17"]
[Round "3"]
[White "DINGLASAN, MATTHEW S:jedimastermatt"]
[Black "Ho, Jasper:coolhacker1234"]
[Result "0-1"]
[ICCResult "White checkmated"]
[WhiteElo "1547"]
[BlackElo "1741"]
[Opening "Queen's bishop game"]
[ECO "D02"]
[NIC "QP.08"]
[Time "16:31:15"]
[PlyCount "62"]
[TimeControl "3600+10"]

1. d4 d5 2. Nf3 Nf6 3. Bf4 e6 4. e3 c5 5. c3 Nc6 6. Nbd2 Bd6 7. Bg3 O-O 8.
Bd3 b6 9. e4 dxe4 10. Nxe4 Nxe4 11. Bxe4 Bb7 12. Qa4 Rc8 13. O-O Bxg3 14.
hxg3 f5 15. Bxc6 Bxc6 16. Qb3 Bd5 17. Qc2 Bxf3 18. gxf3 cxd4 19. Rad1 Qf6
20. Rd3 f4 21. Qb3 fxg3 22. fxg3 Qg6 23. Rxd4 Qxg3+ 24. Kh1 Rf6 25. Qb4
Rh6+ 26. Rh4 Rxh4+ 27. Qxh4 Qxh4+ 28. Kg2 Rd8 29. f4 Qg4+ 30. Kf2 Rd2+ 31.
Ke3 Qe2# { White checkmated } 0-1

[Event "ICC tourney 2517 (60 10)"]
[Site "Internet Chess Club"]
[Date "2021.04.17"]
[Round "3"]
[White "KIM, CHARLIE BEAR:charliekim"]
[Black "RAMKUMAR, ADITYA:aditya7708"]
[Result "0-1"]
[ICCResult "White resigns"]
[WhiteElo "1422"]
[BlackElo "1627"]
[Opening "Sicilian: Alapin's variation (2.c3)"]
[ECO "B22"]
[NIC "SI.46"]
[Time "16:31:49"]
[PlyCount "62"]
[TimeControl "3600+10"]

1. e4 c5 2. c3 d6 3. d4 cxd4 4. cxd4 g6 5. Nf3 Bg7 6. Bb5+ Bd7 7. Bc4 e6 8.
O-O Ne7 9. Qb3 Qc7 10. Bf4 Nbc6 11. Rd1 Na5 12. Qc2 Qxc4 13. Qxc4 Nxc4 14.
Rc1 d5 15. exd5 exd5 16. b3 Nb6 17. Re1 Bf6 18. Bd6 Be6 19. Nc3 Nf5 20. Ba3
Nxd4 21. Nxd4 Bxd4 22. Nb5 Bxa1 23. Nc7+ Kd7 24. Nxa8 Rxa8 25. Rxa1 Rc8 26.
Kf1 Rc2 27. Bb4 Bf5 28. a4 Rb2 29. a5 Nc8 30. Ra3 Bc2 31. a6 b6 { White
resigns } 0-1

[Event "ICC tourney 2517 (60 10)"]
[Site "Internet Chess Club"]
[Date "2021.04.17"]
[Round "3"]
[White "LESCHINSKY, GARY:GLeschinsky"]
[Black "CHAKRAVARTY, ARITRO:aritroc"]
[Result "1-0"]
[ICCResult "Black resigns"]
[WhiteElo "2090"]
[BlackElo "1881"]
[Opening "Nimzo-Indian: Kmoch variation"]
[ECO "E20"]
[NIC "NI.30"]
[Time "16:31:19"]
[PlyCount "67"]
[TimeControl "3600+10"]

1. d4 Nf6 2. c4 e6 3. Nc3 Bb4 4. f3 d5 5. a3 Bxc3+ 6. bxc3 O-O 7. cxd5 exd5
8. e3 Re8 9. Bd3 c5 10. Ne2 Nc6 11. O-O b6 12. Ng3 Bb7 13. Ra2 a5 14. Rb2
Ba6 15. Bxa6 Rxa6 16. Qd3 c4 17. Qb1 h5 18. Nh1 Qd6 19. Nf2 Rb8 20. a4 Raa8
21. e4 Qa3 22. Qc2 Qe7 23. Bg5 Qe6 24. e5 Nh7 25. Bc1 Na7 26. f4 b5 27. f5
Qc6 28. Qe2 b4 29. Qxh5 bxc3 30. Rc2 Qxa4 31. Rxc3 Qb4 32. Rh3 a4 33. Qxh7+
Kf8 34. Ba3 { Black resigns } 1-0

[Event "ICC tourney 2517 (60 10)"]
[Site "Internet Chess Club"]
[Date "2021.04.17"]
[Round "3"]
[White "KISLAY, KAUSTUBH:MehPlayer"]
[Black "Krishna, Rohan:RohanKrishna"]
[Result "1-0"]
[ICCResult "Black resigns"]
[WhiteElo "1430"]
[BlackElo "1702"]
[Opening "Queen's pawn: London system"]
[ECO "A45"]
[NIC "QP.07"]
[Time "16:31:21"]
[PlyCount "65"]
[TimeControl "3600+10"]

1. d4 Nf6 2. Bf4 d5 3. e3 Bf5 4. Nd2 e6 5. Ngf3 Bd6 6. Bg3 c6 7. Ne5 Qc7 8.
Bd3 Bg6 9. Qe2 Nbd7 10. f4 c5 11. c3 Rc8 12. Bxg6 hxg6 13. O-O Qb6 14. Ndf3
Ne4 15. Ng5 Nxg3 16. hxg3 O-O 17. Nxd7 Qd8 18. Nxf8 Kxf8 19. Qg4 cxd4 20.
exd4 Qb6 21. Qh4 Rc7 22. Qh8+ Ke7 23. Qxg7 Ke8 24. Qg8+ Kd7 25. Qxf7+ Kc6
26. Qxg6 Qxb2 27. Qe8+ Rd7 28. Nxe6 Qe2 29. Nd8+ Kc7 30. Qxe2 Rxd8 31. Rab1
Rd7 32. Qb5 b6 33. Qxd5 { Black resigns } 1-0

[Event "ICC tourney 2517 (60 10)"]
[Site "Internet Chess Club"]
[Date "2021.04.17"]
[Round "3"]
[White "GOLDSTEIN, ARAV MICAH:LoopyLoop"]
[Black "WANG, KEVIN:Deepbrainfinal"]
[Result "1-0"]
[ICCResult "Black checkmated"]
[WhiteElo "1649"]
[BlackElo "1431"]
[Opening "Giuoco Piano"]
[ECO "C54"]
[NIC "IG.02"]
[Time "16:31:27"]
[PlyCount "69"]
[TimeControl "3600+10"]

1. e4 e5 2. Nf3 Nc6 3. Bc4 Bc5 4. c3 Nf6 5. d3 h6 6. Nbd2 d6 7. O-O O-O 8.
Re1 Bg4 9. h3 Bh5 10. Nf1 Na5 11. Bb5 c6 12. Ba4 b5 13. Bc2 Nb7 14. Ng3 Bg6
15. Nh4 Nxe4 16. d4 Qxh4 17. Bxe4 exd4 18. cxd4 Bb4 19. Re3 Bxe4 20. Rxe4
Qf6 21. Nh5 Qf5 22. Rg4 g6 23. Ng3 Qd5 24. Bxh6 Rfe8 25. Qc2 Kh7 26. Rh4
Kg8 27. Ne2 Rxe2 28. Qxe2 a6 29. Qe7 Qe6 30. Qxb7 Re8 31. Qxc6 Be1 32. Be3
Bb4 33. d5 Qf5 34. Qxe8+ Kg7 35. Qh8# { Black checkmated } 1-0